 Dungeon Crawl Stone Soup version 0.29.0-5-ge4962eb29e (webtiles) character file.

Game seed: 45538540871104101

35 xian the Shooter (level 3, -4/27 HPs)
             Began as a Formicid Hunter on Aug 30, 2022.
             Slain by Crazy Yiuf
             ... wielding a +3 quarterstaff of chaos
              (14 damage)
             ... on level 2 of the Dungeon.
             The game lasted 00:02:37 (666 turns).

xian the Shooter (Formicid Hunter)                   Turns: 666, Time: 00:02:40

Health: -4/27      AC:  3    Str: 17    XL:     3   Next: 52%
Magic:  3/3        EV: 12    Int:  8    God:
Gold:   55         SH:  0    Dex: 17    Spells: 2/2 levels left

rFire   + . .      SeeInvis +   a - +0 shortbow
rCold   . . .      Faith    .   (no shield)
rNeg    + . .      Spirit   .   c - +0 leather armour
rPois   +          Reflect  .   (helmet unavailable)
rElec   +          Harm     .   (no cloak)
rCorr   .          Rampage  .   (no gloves)
Will    .....                   (no boots)
Stlth   ++........              (no amulet)
HPRegen 0.09/turn               l - ring of Attitude {rElec rPois rF+ rN+}
MPRegen 0.08/turn               (no ring)

@: no status effects
A: permanent stasis, dig shafts and tunnels, antennae 3, four strong arms
a: Dig, Shaft Self


You were on level 2 of the Dungeon.
You visited 1 branch of the dungeon, and saw 2 of its levels.

You collected 55 gold pieces.

Inventory:

Hand Weapons
 a - a +0 shortbow (weapon)
 g - a +2 hand axe of electrocution
Armour
 c - a +0 leather armour (worn)
 k - a +0 plate armour
Magical Staves
 m - a staff of air
Jewellery
 l - the ring of Attitude (left hand) {rElec rPois rF+ rN+}
   (You found it on level 2 of the Dungeon)

   [ring of positive energy]

   rF:        It protects you from fire.
   rElec:     It insulates you from electricity.
   rPois:     It protects you from poison.
   rN:        It protects you from negative energy.
Scrolls
 b - 2 scrolls of immolation
 d - a scroll of teleportation {unknown}
 f - a scroll of amnesia {unknown}
 i - 2 scrolls of identify {unknown}
Potions
 e - a potion of haste {unknown}
 h - a potion of flight {unknown}
 j - a potion of lignification {unknown}


   Skills:
 + Level 2.2 Fighting
 + Level 5.0 Ranged Weapons
 + Level 0.1 Armour
 + Level 1.9 Dodging
 + Level 1.2 Stealth


You had 2 spell levels left.
You didn't know any spells.
Your spell library contained the following spells:

 Spells                   Type           Power      Damage    Failure   Level
 Shock                    Conj/Air       0%         1d3       45%         1
 Ignite Poison            Fire/Tmut/Pois 0%         N/A       83%         3
 Fulminant Prism          Conj/Hex       0%         3d6       99%         4


Dungeon Overview and Level Annotations

Branches:
Dungeon (2/15)

Altars:

Annotations:
D:2 Crazy Yiuf, Natasha


Innate Abilities, Weirdness & Mutations

You cannot be hasted, slowed, berserked, paralysed or teleported.
You can dig through walls and to a lower floor.
You have a pair of large antennae on your head. (SInv)
Your four strong arms can wield two-handed weapons with a shield.


Message History

You open the door.
There is an open door here.
l - the ring of Attitude {rElec rPois rF+ rN+}
Found a stone staircase leading down.
No target in view!
You see here a staff of air.
l - the ring of Attitude (left hand) {rElec rPois rF+ rN+}
m - a staff of air
Found a hammer.
Found a runed translucent door.
Crazy Yiuf shouts!
You open the door.
Crazy Yiuf flaps his cloak.
Okay, then.
Unknown command.
Okay, then.
Fire: a) +0 shortbow
Press: ? - help, Q - select action, (/) - cycle Shift-Dir - straight line, f - Crazy Yiuf
Aim: Crazy Yiuf, wielding a +3 quarterstaff of chaos and wearing a +0 cloak (66% to hit)
You shoot an arrow. The arrow closely misses Crazy Yiuf.
Natasha hisses angrily.
Crazy Yiuf hits you with a +3 quarterstaff of chaos!
Fire: a) +0 shortbow
Press: ? - help, Q - select action, (/) - cycle Shift-Dir - straight line, f/p - Crazy Yiuf
Aim: Crazy Yiuf, wielding a +3 quarterstaff of chaos and wearing a +0 cloak (66% to hit)
You shoot an arrow. The arrow hits Crazy Yiuf.
Crazy Yiuf is moderately wounded.
Natasha mumbles some strange words.
Crazy Yiuf hits you with a +3 quarterstaff of chaos.
Fire: a) +0 shortbow
Press: ? - help, Q - select action, (/) - cycle Shift-Dir - straight line, f/p - Crazy Yiuf
Aim: Crazy Yiuf, wielding a +3 quarterstaff of chaos and wearing a +0 cloak (moderately wounded, 66% to hit)
You shoot an arrow. The arrow hits Crazy Yiuf.
Crazy Yiuf is severely wounded.
Natasha mumbles some strange words.
Natasha's front paws start to glow.
Crazy Yiuf hits you with a +3 quarterstaff of chaos.
Crazy Yiuf burns you.
Crazy Yiuf hits you with a +3 quarterstaff of chaos!
Ouch! That really hurt!
You die...

#....####.........####.....######
#.#.## ##.......## ##....# ##
#.### ##.....## #...## ##. #.#
####### ##.# #.. #.### #. #..
#...# ###♣♣♣♣♣ # #.. ###.#
##....♣.♣♣♣ ### ##.
#.###......♣..♣#...# #.
#.#......P♣♣♣♣@gh..# #.
#.#.#....♣♣ ♣♣#5.)# #. #.....##♣♣
### #. ####### #. #. ##


You could see Crazy Yiuf, Natasha and a white imp (summoned).

Vanquished Creatures
  Natasha (D:2)
  An endoplasm (D:1)
  A hobgoblin (D:1)
  A quokka (D:1)
  A ball python (D:1)
  3 kobolds
  4 rats (D:1)
12 creatures vanquished.

Notes
Turn   | Place    | Note
-------+----------+-------------------------------------------
     0 | D:1      | xian the Formicid Hunter began the quest for the Orb.
     0 | D:1      | Reached XP level 1. HP: 16/16 MP: 1/1
   130 | D:1      | Reached XP level 2. HP: 22/22 MP: 2/2
   164 | D:1      | Got the Parchment of the Impact and Blight
   433 | D:2      | Noticed Natasha
   436 | D:2      | Killed Natasha
   437 | D:2      | Reached XP level 3. HP: 27/27 MP: 3/3
   608 | D:2      | Reached skill level 5 in Ranged Weapons
   625 | D:2      | Identified the ring of Attitude {rElec rPois rF+ rN+}
   657 | D:2      | Found a runed translucent door.
   657 | D:2      | Noticed Natasha
   658 | D:2      | Noticed Crazy Yiuf
   666 | D:2      | Slain by Crazy Yiuf

Illustrated notes

Levels and vault maps discovered:
D:1:      amcnicky_arrival_gap_in_the_tavern_cellar, layout_rooms
D:2:      layout_loops_corners, uniq_crazy_yiuf_cottage, uniq_natasha

Skill      XL: |  1  2  3 |
---------------+----------+-----
Ranged Weapons | 5 |  5.0
Fighting       | |  2.2
Armour         | |  0.1
Dodging        | |  1.9
Stealth        | |  1.2

Action                   || total
-------------------------++-------
 Fire: Shortbow          ||    23
 Abil: Dig               ||     6
  Use: Scroll            ||     1
